 Dungeon Crawl Stone Soup version 0.25-a0-44-g29a1220a87 (webtiles) character file.

Game seed: 3833690485798824562, levelgen mode: deterministic

243 iamserjio the Scratcher (level 5, 0/24 HPs)
             Began as a Felid Chaos Knight on Oct 24, 2019.
             Was a Plaything of Xom.
             Slain by an orc wizard
             ... wielding a +0 dagger
              (2 damage)
             ... on level 4 of the Dungeon.
             The game lasted 00:04:49 (4974 turns).

iamserjio the Scratcher (Felid Chaos Knight)        Turns: 4974, Time: 00:04:50

Health: 0/24       AC:  1    Str: 10    XL:     5   Next: 82%
Magic:  6/6        EV: 20    Int: 11    God:    Xom [.*....]
Gold:   262        SH:  0    Dex: 14    Spells: 4/4 levels left
                                        Lives:  0   Deaths: 1

rFire    . . .     SeeInvis +     - Unarmed
rCold    . . .     Gourm    .   (shield unavailable)
rNeg     . . .     Faith    .   (armour unavailable)
rPois    .         Spirit   .   (helmet unavailable)
rElec    .         Reflect  .   (cloak unavailable)
rCorr    .         Harm     .   (gloves unavailable)
MR       .....                  (boots unavailable)
Stlth    ++........             (no amulet)
HPRegen  0.08/turn              g - +3 ring of strength
MPRegen  0.10/turn              (no ring)

@: quick
A: very small, no armour, no weapons or thrown items, stealth, claws 1, fangs 3,
see invisible, carnivore, clumsy 1, dopey 1, speed 1, shaggy fur 1, slow
metabolism 1, weak 1, sharp paws
a: Renounce Religion


You were on level 4 of the Dungeon.
You worshipped Xom.
You were a plaything of Xom.
You were full.

You visited 1 branch of the dungeon, and saw 4 of its levels.

You collected 262 gold pieces.

Inventory:

Missiles
 f - 59 arrows
Jewellery
 g - a +3 ring of strength (left paw)
Scrolls
 b - 2 scrolls of noise {unknown}
 d - a scroll of fog {unknown}
 e - 3 scrolls of remove curse {unknown}
 i - 2 scrolls of enchant armour {unknown}
 j - a scroll of random uselessness {unknown}
 k - a scroll of enchant weapon {unknown}
 l - a scroll of magic mapping {unknown}
 m - 6 scrolls of identify {unknown}
 n - 2 scrolls of teleportation {unknown}
 p - a scroll of immolation {unknown}
Potions
 c - a potion of berserk rage
 h - a potion of brilliance {unknown}
 o - a potion of flight {unknown}
 q - 2 potions of invisibility {unknown}
 r - a potion of curing {unknown}
Comestibles
 a - 7 rations


   Skills:
 - Level 3.0 Fighting
 + Level 5.8 Dodging
 * Level 6.2 Unarmed Combat


You had 4 spell levels left.
You didn't know any spells.
Your spell library was empty.

Dungeon Overview and Level Annotations

Branches:
Dungeon (4/15)
 Temple: D:4-7

Altars:
Cheibriados
Nemelex Xobeh
Okawaru
Ru
Sif Muna
Trog

Annotations:
D:3 3 runed translucent doors, Wendigo's ghost, weakling FoHu


Innate Abilities, Weirdness & Mutations

You cannot wear armour.
You are incapable of wielding weapons or throwing items.
Your paws allow you to move quietly. (Stealth)
You have sharp claws.
You have razor-sharp teeth.
You have supernaturally acute eyesight. (SInv)
You are carnivorous and can eat meat at any time.
You cover ground quickly.
You are covered in fur. (AC +1)
You have a slow metabolism.
Your sharp claws are effective at attacking unaware monsters.
You are clumsy. (Dex -2)
You are dopey. (Int -2)
You are weak. (Str -2)


Message History

No target in view!
No target in view!
Things that are here:
a +0 flail; a +0 scale mail; an orc corpse The orc wizard gestures wildly while chanting.
The orc wizard blinks!
The orc wizard points at you and mumbles some strange words.
The magic dart hits you.
Things that are here:
a +0 dagger; an orc corpse The orc wizard gestures at you while chanting.
The magic dart hits you!
* * * LOW HITPOINT WARNING * * *
You see here a +0 leather armour.
The orc wizard points at you and mumbles some strange words.
The magic dart hits you.
* * * LOW HITPOINT WARNING * * *
You scratch the orc wizard. The orc wizard closely misses you.
The orc wizard hits you with a +0 dagger.
You die...

.........#
####.#######......
.........#
#....>...........##
.........#
#..................
.........#
#................#
.........#
#................#
##########
#................#
#............#####
#...........
###############.@o.......
...........)))[.........
###############.........
...<......# ##########
##.#.####.#
.....####.################.#
##.......O.................#
##.######.########.........#
.............# #.#######.#


You could see an orc wizard.

Vanquished Creatures
  2 ogres (D:4)
  A crimson imp (D:3)
  An iguana (D:4)
  Jessica (D:3)
  Natasha (twice) (D:2)
  3 adders
  A worm (D:3)
  A dart slug (D:1)
  4 leopard geckos
  2 orcs (D:4)
  3 ball pythons
  A giant cockroach (D:3)
  5 goblins
  5 hobgoblins
  A quokka (D:4)
  4 bats
  6 frilled lizards
  10 kobolds
  6 rats
59 creatures vanquished.

Vanquished Creatures (others)
  3 orcs (D:4)
3 creatures vanquished.

Grand Total: 62 creatures vanquished

Notes
Turn   | Place    | Note
-------+----------+-------------------------------------------
     0 | D:1      | iamserjio the Felid Chaos Knight began the quest for the
                  | Orb.
     0 | D:1      | Reached XP level 1. HP: 10/10 MP: 2/2
    93 | D:1      | Reached XP level 2. HP: 8/14 MP: 3/3
   910 | D:1      | XOM: silly message
  1139 | D:1      | XOM: silly message
  1299 | D:1      | XOM: cloud trail
  1324 | D:1      | XOM is BORED!
  1324 | D:1      | XOM: medium Necr miscast
  1325 | D:1      | Noticed a shadow
  1325 | D:1      | Noticed a shadow
  1463 | D:2      | Reached XP level 3. HP: 17/17 MP: 4/4
  1491 | D:2      | XOM: medium Tmut miscast
  1889 | D:2      | XOM: harmless Air miscast
  1975 | D:2      | XOM: butterfly on damage
  2006 | D:2      | Reached skill level 4 in Unarmed Combat
  2107 | D:2      | Noticed Natasha
  2117 | D:2      | Killed Natasha
  2117 | D:2      | Reached XP level 4. HP: 4/21 MP: 5/5
  2288 | D:2      | XOM: harmless Pois miscast
  2534 | D:2      | Noticed Natasha
  2544 | D:2      | Killed Natasha
  2627 | D:2      | XOM: give mutation
  2627 | D:2      | Gained mutation: You are dopey. (Int -2) [Xom's mischief]
  2756 | D:2      | XOM: summons 2 hostile demons
  3107 | D:3      | XOM: stealth player
  3185 | D:3      | Reached skill level 5 in Unarmed Combat
  3185 | D:3      | Reached XP level 5. HP: 9/24 MP: 6/6
  3467 | D:3      | Found a sparkling altar of Nemelex Xobeh.
  3467 | D:3      | Noticed Jessica
  3470 | D:3      | Killed Jessica
  3470 | D:3      | Reached skill level 5 in Dodging
  3669 | D:3      | Found a runed translucent gate.
  3669 | D:3      | Found a runed translucent gate.
  3669 | D:3      | Found a runed translucent gate.
  3683 | D:3      | XOM: silly message
  3714 | D:3      | Found a shimmering blue altar of Sif Muna.
  3717 | D:3      | Found a snail-covered altar of Cheibriados.
  3718 | D:3      | XOM: god gift: 15 sling bullets
  3722 | D:3      | Found a bloodstained altar of Trog.
  3834 | D:3      | Noticed Wendigo's ghost (weakling FoHu)
  3858 | D:3      | XOM: god gift: ration
  3925 | D:3      | Found an iron altar of Okawaru.
  3927 | D:3      | Found a sacrificial altar of Ru.
  3946 | D:3      | XOM: give mutation
  3946 | D:3      | Gained mutation: You are covered in thick fur. (AC +2)
                  | [Xom's grace]
  4053 | D:4      | Noticed an ogre
  4053 | D:4      | XOM: confuse monster(s)
  4074 | D:4      | XOM: confuse monster(s)
  4076 | D:4      | XOM: destruction
  4077 | D:4      | XOM: butterfly on damage
  4079 | D:4      | Killed an ogre
  4221 | D:4      | XOM: god gift: 46 gold pieces
  4400 | D:4      | XOM: 6-stop teleportation journey
  4401 | D:4      | Noticed an ogre
  4409 | D:4      | XOM: give mutations
  4409 | D:4      | Gained mutation: You are clumsy. (Dex -2) [Xom's mischief]
  4409 | D:4      | Gained mutation: You are weak. (Str -2) [Xom's mischief]
  4409 | D:4      | Lost mutation: You are covered in thick fur. (AC +2) [Xom's
                  | mischief]
  4409 | D:4      | Slain by an ogre
  4410 | D:4      | Reached XP level 4. HP: 0/21 MP: 5/5
  4456 | D:4      | Killed an ogre
  4456 | D:4      | Reached skill level 6 in Unarmed Combat
  4456 | D:4      | Reached XP level 5. HP: 24/24 MP: 6/6
  4658 | D:4      | Noticed an ogre
  4902 | D:3      | Noticed a glowing shapeshifter
  4902 | D:3      | an ogre changed into a glowing shapeshifter
  4902 | D:3      | XOM: polymorph ogre -> glowing shapeshifter
  4902 | D:3      | Noticed a swamp dragon
  4902 | D:3      | a glowing shapeshifter changed into a swamp dragon
  4968 | D:4      | XOM: destruction
  4974 | D:4      | Slain by an orc wizard

Levels and vault maps discovered:
D:1:      minmay_arrival_open_corners, layout_basic, solitary_fountain,
          st_stairs_10
D:2:      layout_basic, serial_curves, eino_curves_01, eino_curves_01,
          uniq_natasha
D:3:      layout_rooms, grunt_temple_overflow_diamond, minitemple, first_ration,
          gammafunk_ghost_icy, nemelex_lonely_heart_becter
D:4:      layout_basic, minivault_4

Skill      XL: |  1  2  3  4  5 |
---------------+----------------+-----
Dodging        | 4 5 |  5.8
Unarmed Combat | 4 6 |  6.2
Fighting       | |  3.0

Action                   |  1- 3 |  4- 6 || total
-------------------------+-------+-------++-------
Melee: Unarmed           |    97 |   108 ||   205
       Bite              |     9 |    10 ||    19
       Punch             |     2 |     5 ||     7
  Use: Potion            |     2 |       ||     2
 Stab: Sleeping          |     1 |     7 ||     8
       Confused          |       |     2 ||     2
  Eat: Chunk             |    10 |     7 ||    17
Armor: Skin              |     8 |     2 ||    10
Dodge: Dodged            |    92 |    65 ||   157

Table legend:
 A = Non-vault XP
 B = Vault XP
 C = Vault XP percentage of total XP
 D = Non-vault monster count
 E = Vault monster count
 F = Vault count percentage of total count
                 A         B        C        D         E       F
            +---------+---------+-------+---------+---------+-------
      Total |     441 |      74 |  14.4 |      56 |       4 |   6.7
            +---------+---------+-------+---------+---------+-------
        D:1 |      38 |       2 |   5.0 |      23 |       2 |   8.0
        D:2 |      81 |      35 |  30.2 |      15 |       1 |   6.2
        D:3 |      79 |      37 |  31.9 |       9 |       1 |  10.0
        D:4 |     243 |       0 |   0.0 |       9 |       0 |   0.0
            +---------+---------+-------+---------+---------+-------
